 Dungeon Crawl Stone Soup version 0.19.1 (webtiles) character file.

1307 StormySan the Cleaver (level 8, 68/73 HPs)
             Began as a Minotaur Berserker on Dec 12, 2016.
             Was an Initiate of Makhleb.
             Quit the game in the Ecumenical Temple.
             The game lasted 00:08:56 (3540 turns).

StormySan the Cleaver (Minotaur Berserker)          Turns: 3540, Time: 00:08:57

Health: 68/73      AC: 14    Str: 26    XL:     8   Next: 32%
Magic:  7/7        EV:  8    Int:  4    God:    Makhleb [......]
Gold:   234        SH:  0    Dex: 10    Spells: 0 memorised, 7 levels left

rFire  . . .     SeeInvis .     a - +0 hand axe
rCold  . . .     Gourm    .     q - +0 plate armour
rNeg   + . .     Faith    .     (no shield)
rPois  .         Spirit   .     (helmet restricted)
rElec  .         Reflect  .     s - +0 cloak
rCorr  .         Harm     .     (no gloves)
MR     .....                    (no boots)
Stlth  ..........               (no amulet)
                                m - ring of positive energy
                                h - +2 ring of strength

@: no status effects
A: retaliatory headbutt, horns 2
a: Renounce Religion


You were in the Ecumenical Temple.
You worshipped Makhleb.
Makhleb was noncommittal.
You were not hungry.

You visited 2 branches of the dungeon, and saw 6 of its levels.

You collected 234 gold pieces.

Inventory:

Hand Weapons
 a - a +0 hand axe (weapon)
Armour
 q - a +0 plate armour (worn)
 s - a +0 cloak (worn)
Jewellery
 h - a +2 ring of strength (left hand)
 m - a ring of positive energy (right hand)
 t - an uncursed ring of resist corrosion
 D - an uncursed ring of fire {unknown}
 E - a +3 ring of strength
 H - an uncursed ring of positive energy
Wands
 i - a wand of flame (25/48)
 y - a wand of iceblast (2/15)
 F - a wand of disintegration (3/24)
Scrolls
 b - a scroll of blinking {unknown}
 d - a scroll of recharging {unknown}
 f - a scroll of magic mapping {unknown}
 g - a scroll of random uselessness {unknown}
 l - a scroll of enchant armour {unknown}
 o - 4 scrolls of identify {unknown}
 r - 3 scrolls of teleportation {unknown}
 u - a scroll of noise {unknown}
 B - 2 scrolls of fear {unknown}
 C - a scroll of immolation {unknown}
 I - a scroll of fog {unknown}
Potions
 e - a potion of flight {unknown}
 j - a potion of cancellation {unknown}
 n - a potion of agility {unknown}
 p - 2 potions of cure mutation {unknown}
 v - 2 potions of curing {unknown}
 w - 2 potions of might {unknown}
 z - a potion of resistance {unknown}
 A - a potion of ambrosia {unknown}
Comestibles
 c - 4 bread rations
 k - 3 meat rations
 x - a beef jerky


   Skills:
 + Level 7.0 Fighting
 * Level 9.2 Axes
 + Level 6.3 Armour
 - Level 2.8 Dodging


You had 7 spell levels left.
You didn't know any spells.

Dungeon Overview and Level Annotations

Branches:
Dungeon (5/15)             Temple (1/1) D:5

Altars:
Elyvilon
Hepliaklqana
Makhleb
Okawaru
Vehumet

Shops:
D:5 *


Innate Abilities, Weirdness & Mutations

You reflexively headbutt those who attack you in melee.
You have a pair of horns on your head.


Message History

You feel sick.
Found a staircase to the Ecumenical Temple.
You feel sick.
You open the door.
You feel sick.
You are no longer poisoned.
There is a staircase to the Ecumenical Temple here.
You climb downwards.
Welcome to the Ecumenical Temple!
There is a staircase back to the Dungeon here.
Found a burning altar of Makhleb.
There is a burning altar of Makhleb here.
Found a hazy altar of Hepliaklqana.
There is a burning altar of Makhleb here.
You kneel at the altar of Makhleb.
You have lost your religion!
Trog does not appreciate desertion!
Makhleb welcomes you!
Quiver which item? (- for none, * to show all) (? for menu, Esc to quit)
Okay, then.
Are you sure you want to abandon this character and quit the game? (Confirm with "yes".)

..♣ ♣.♣ ♣.♣
♣♣.♣ ♣.♣♣ ♣♣♣
♣.♣♣ ♣♣.♣♣
♣..♣♣♣...♣♣
♣♣...♣....♣
♣♣.♣...@..♣
♣♣♣.♣♣♣.....♣
♣..♣♣♣♣♣...♣♣
♣..♣♣..♣♣♣♣♣♣♣
♣..♣ ♣♣♣.♣♣
♣♣♣ ♣♣♣ ♣♣
♣♣.♣ ♣.♣♣♣.♣
♣.♣♣ ♣♣...♣♣
♣♣.♣♣♣.....♣
♣♣.......<♣


There were no monsters in sight!

Vanquished Creatures
  The ghost of Al3s the Skirmisher, an amateur CeFi (D:5)
  The ghost of SeriousVitamin the Ruffian, an amateur TrTm of Ashenzari (D:4)
  A hungry ghost (D:3)
  3 scorpions
  A howler monkey (D:5)
  7 hounds
  2 orc priests (D:5)
  A jelly (D:5)
  An orc wizard (D:3)
  3 worker ants
  8 gnolls (D:3)
  8 adders
  An ooze (D:1)
  A dart slug (D:3)
  3 leopard geckos
  9 orcs
  9 bats
  3 giant cockroaches
  6 goblins
  8 hobgoblins
  12 jackals
  4 kobolds
  4 quokkas
  A ball python (D:4)
  5 frilled lizards
  A quokka skeleton (D:5)
  6 rats
110 creatures vanquished.

Notes
Turn   | Place    | Note
-------+----------+-------------------------------------------
     0 | D:1      | StormySan the Minotaur Berserker began the quest for the Orb.
     0 | D:1      | Reached XP level 1. HP: 19/19 MP: 0/0
   218 | D:1      | Reached XP level 2. HP: 27/27 MP: 1/1
   235 | D:1      | Reached skill level 4 in Axes
   435 | D:2      | Found a radiant altar of Vehumet.
   522 | D:2      | Reached XP level 3. HP: 33/33 MP: 2/2
   566 | D:2      | Reached ** piety under Trog
  1180 | D:3      | Reached XP level 4. HP: 36/41 MP: 3/3
  1257 | D:3      | Reached skill level 5 in Axes
  1703 | D:3      | Reached XP level 5. HP: 47/47 MP: 4/4
  2164 | D:3      | Noticed a hungry ghost
  2194 | D:3      | Killed a hungry ghost
  2194 | D:3      | Reached skill level 5 in Fighting
  2194 | D:3      | Reached skill level 6 in Axes
  2194 | D:3      | Reached XP level 6. HP: 38/56 MP: 5/5
  2195 | D:3      | Found an iron altar of Okawaru.
  2336 | D:4      | Noticed SeriousVitamin's ghost (amateur TrTm)
  2347 | D:4      | Killed SeriousVitamin's ghost
  2370 | D:4      | Reached skill level 7 in Axes
  2370 | D:4      | Reached XP level 7. HP: 42/62 MP: 6/6
  2641 | D:4      | Reached skill level 5 in Armour
  2652 | D:4      | Reached *** piety under Trog
  3015 | D:4      | Found a white marble altar of Elyvilon.
  3044 | D:5      | Entered Level 5 of the Dungeon
  3092 | D:5      | Reached skill level 8 in Axes
  3134 | D:5      | Noticed Al3s's ghost (amateur CeFi)
  3152 | D:5      | Killed Al3s's ghost
  3152 | D:5      | Reached XP level 8. HP: 61/71 MP: 7/7
  3194 | D:5      | Found Qugeapsy's General Store.
  3409 | D:5      | Reached skill level 9 in Axes
  3484 | D:5      | Found a staircase to the Ecumenical Temple.
  3494 | Temple   | Entered the Ecumenical Temple
  3539 | Temple   | Fell from the grace of Trog
  3539 | Temple   | Became a worshipper of Makhleb the Destroyer
  3540 | Temple   | Quit the game

Skill      XL: |  1  2  3  4  5  6  7  8 |
---------------+-------------------------+-----
Axes           | 4 5 6 7 8 9 |  9.2
Fighting       | 4 5 6 7 |  7.0
Armour         | 3 4 5 6 |  6.3
Dodging        | |  2.8

Action                   |  1- 3 |  4- 6 |  7- 9 || total
-------------------------+-------+-------+-------++-------
Melee: Hand axe          |    61 |   126 |   123 ||   310
       Headbutt          |     8 |    24 |    22 ||    54
  Eat: Chunk             |     1 |     6 |     2 ||     9
       Fruit             |       |     1 |     2 ||     3
Armor: Animal skin       |     1 |       |       ||     1
       Ring mail         |    21 |     1 |       ||    22
       Plate armour      |       |    72 |    73 ||   145
Dodge: Dodged            |    58 |    51 |    45 ||   154
